Map: Fracture LE

Players

Bly

  • Race: Zerg Zerg
  • League: Master
  • Spawn Location: 11:00

LiquidTaeJa (TaeJa) - Winner!

  • Race: Terran Terran
  • League: Diamond
  • Spawn Location: 5:00

Event: HomeStory Cup XVIII

VOD

Have the link to the VOD?

Description

Time

  • Played on: Nov. 24, 2018, 1:57 p.m.
  • Length: 18:10

All games in this series

Show
View Real Time Build Order
Export as new Build Order

Bly Zerg 

Build Orders: Pool First, Muta Ling Bane 

Get SALT Encoding   

  12  0:01  Drone  
  13  0:12  Overlord  
  13  0:18  Drone  
  14  0:30  Drone x2  
  16  0:40  Spawning Pool  
  15  0:45  Drone  
  15  0:47  Drone  
  17  0:57  Extractor  
  16  1:10  Hatchery  
  15  1:15  Drone  
  16  1:20  Drone  
  16  1:21  Drone  
  18  1:28  Zergling x2  
  19  1:36  Queen  
  21  1:45  Overlord  
  21  2:04  Drone  
  21  2:06  Drone  
  23  2:12  Roach Warren  
  22  2:22  Queen  
  24  2:24  Drone  
  24  2:27  Drone  
  24  2:29  Drone  
  27  2:35  Drone x2  
  29  2:43  Overlord  
  29  2:54  Roach x2  
  29  2:55  Roach  
  35  3:00  Overlord  
  35  3:04  Roach  
  37  3:08  Drone x2  
  39  3:16  Drone x2  
  42  3:27  Ravager x2  
  42  3:29  Ravager  
  42  3:32  Drone x5  
  49  3:44  Drone x2  
  49  3:46  Queen  
  52  3:56  Overlord  
  52  4:00  Overlord, Hatchery  
  51  4:03  Overlord  
  51  4:04  Overlord  
  48  4:17  Drone x2  
  48  4:18  Drone x5  
  48  4:23  Evolution Chamber  
  54  4:26  Drone  
  54  4:30  Overlord  
  55  4:36  Lair  
  55  4:38  Extractor  
  54  4:41  Extractor  
  54  4:43  Roach x3  
  59  4:51  Drone x2  
  61  5:00  Queen  
  61  5:05  Spore Crawler  
  61  5:07  Spore Crawler  
  61  5:11  Drone x6  
  61  5:12  Queen  
  69  5:17  Zerg Ground Armor Level 1  
  69  5:22  Drone x4  
  73  5:29  Overlord  
  73  5:33  Drone  
  73  5:34  Drone x5  
  79  5:35  Glial Reconstitution  
  79  5:41  Overseer  
  79  5:47  Overlord  
  79  5:51  Spore Crawler  
  75  6:00  Drone  
  75  6:01  Drone x6  
  82  6:05  Overlord  
  82  6:14  Extractor, Roach x5  
  91  6:20  Extractor  
  90  6:29  Hatchery  
  89  6:33  Drone x3  
  89  6:34  Drone  
  89  6:35  Extractor, Drone x2  
  94  6:41  Evolution Chamber  
  94  6:43  Metabolic Boost  
  94  6:46  Drone x2, Baneling Nest  
  94  6:47  Drone, Roach x5  
  105  7:02  Roach x4  
  105  7:04  Overlord  
  113  7:09  Zerg Melee Weapons Level 1  
  113  7:11  Overlord  
  113  7:16  Overlord, Zerg Ground Armor Level 2  
  113  7:29  Centrifical Hooks  
  113  7:31  Drone x11  
  113  7:34  Hatchery  
  123  7:49  Zergling x2  
  123  7:50  Zergling x26  
  137  7:56  Overlord  
  137  7:59  Overlord x3  
  137  8:07  Overlord  
  137  8:09  Overlord  
  137  8:12  Overlord  
  137  8:16  Overlord, Baneling x6  
  137  8:17  Overlord x2  
  137  8:19  Extractor  
  136  8:26  Spire  
  136  8:35  Spire, Zergling x2  
  136  8:36  Zergling x18  
  136  8:39  Hatchery  
  144  8:42  Overlord  
  144  8:48  Drone x3  
  147  8:51  Spore Crawler  
  147  8:54  Burrow  
  146  8:58  Overseer  
  146  9:00  Zergling x28  
  159  9:10  Baneling x7  
  153  9:37  Zerg Melee Weapons Level 2  
  149  9:41  Infestation Pit  
  147  9:50  Zerg Flyer Weapons Level 1, Mutalisk x15  
  177  9:54  Drone x2  
  177  9:57  Extractor  
  177  10:10  Zergling x36  
  177  10:11  Zergling x2  
  193  10:23  Drone x4  
  193  10:24  Drone x2  
  192  10:30  Mutalisk  
  192  10:31  Mutalisk x3  
  192  10:33  Hive  
  200  10:46  Baneling  
  200  10:47  Baneling x16  
  198  10:52  Overlord  
  170  11:07  Baneling x3, Mutalisk x4  
  170  11:09  Zergling x22  
  183  11:39  Zergling x6  
  158  11:40  Zergling x28  
  156  11:47  Zergling x10  
  156  11:48  Adrenal Glands  
  156  11:49  Ultralisk Cavern  
  156  11:52  Zerg Ground Armor Level 3  
  156  11:54  Zergling x6  
  156  11:59  Baneling  
  156  12:00  Baneling x7  
  158  12:06  Zergling x10  
  158  12:07  Zergling x2  
  164  12:17  Zergling x16  
  119  12:55  Zergling x42  
  126  12:59  Zergling x8  
  126  13:00  Chitinous Plating  
  130  13:06  Infestor  
  130  13:11  Zergling x10  
  137  13:18  Baneling x11  
  131  13:32  Infestor x3  
  131  13:33  Infestor  
  139  13:42  Overseer  
  139  13:43  Overseer, Pneumatized Carapace  
  139  13:44  Overseer x2  
  139  13:45  Overseer  
  139  13:49  Drone x3  
  126  14:06  Hatchery  
  126  14:08  Ultralisk x3  
  136  14:13  Zergling x6  
  138  14:18  Zergling x4, Ultralisk  
  138  14:36  Baneling x10  
  138  14:41  Ultralisk  
  138  14:42  Anabolic Synthesis  
  143  14:58  Hatchery, Zergling x18  
  141  15:08  Ultralisk x2  
  141  15:13  Zergling x8  
  155  15:28  Zergling x24  
  139  15:54  Ultralisk x3  
  142  15:59  Zergling x12  
  142  16:03  Overseer x3  
  139  16:19  Zergling x24  
  134  16:35  Zergling x20  
  134  16:36  Baneling  
  134  16:37  Baneling x7  
  144  16:46  Infestor x4  
  133  16:57  Infestor x4  
  133  17:06  Baneling x7  
  116  17:13  Zergling x14  
  116  17:14  Zergling x4  
  117  17:30  Zergling x18  
  121  17:49  Hatchery  
  117  18:02  Hatchery  
Show
View Real Time Build Order
Export as new Build Order

LiquidTaeJa Terran - Winner!

Build Orders: Reaper Expand 

Get SALT Encoding   

  12  0:00  SCV  
  13  0:12  SCV  
  14  0:16  Supply Depot  
  14  0:24  SCV  
  15  0:38  SCV  
  15  0:39  Barracks  
  15  0:42  Refinery  
  16  0:50  SCV  
  17  1:02  SCV  
  18  1:14  SCV  
  19  1:26  Orbital Command  
  19  1:27  Reaper  
  20  1:39  Command Center  
  20  1:50  Supply Depot  
  20  1:52  SCV  
  21  1:59  Marine  
  22  2:04  SCV  
  22  2:08  Factory  
  22  2:14  Refinery  
  22  2:16  SCV  
  22  2:21  Barracks Reactor  
  23  2:28  SCV  
  24  2:41  SCV  
  25  2:51  Orbital Command  
  25  2:53  Starport, SCV  
  26  3:04  Hellion  
  26  3:05  SCV, Hellion, Barracks Tech Lab  
  31  3:10  Bunker  
  31  3:17  Bunker  
  31  3:28  SCV x2  
  31  3:30  Starport Tech Lab  
  31  3:32  Marine x2, Cyclone  
  38  3:41  Supply Depot  
  38  3:42  SCV  
  38  3:44  SCV  
  40  3:50  Marine, Banshee  
  43  3:58  Marine  
  43  4:04  Siege Tank  
  43  4:08  Marine  
  47  4:11  Supply Depot  
  47  4:13  SCV  
  47  4:14  SCV  
  49  4:26  SCV x2  
  51  4:37  Supply Depot  
  51  4:38  SCV x2  
  51  4:43  Command Center  
  53  4:50  SCV x2  
  53  4:51  Stimpack  
  55  4:52  Factory Reactor  
  55  5:01  Supply Depot  
  55  5:02  SCV  
  55  5:03  SCV  
  57  5:11  Engineering Bay  
  57  5:12  Engineering Bay  
  57  5:14  Marine  
  58  5:15  SCV x2  
  58  5:16  Starport Reactor  
  60  5:28  Supply Depot, SCV x2  
  62  5:30  Barracks  
  62  5:31  Marine  
  62  5:32  Barracks  
  63  5:39  Terran Infantry Weapons Level 1, Terran Infantry Armor Level 1  
  63  5:40  SCV x2  
  63  5:41  Refinery  
  63  5:42  Siege Tank  
  68  5:49  Marine  
  69  5:52  SCV x2  
  69  5:56  Orbital Command  
  71  6:02  Refinery  
  71  6:04  SCV x2  
  71  6:08  Viking  
  71  6:09  Supply Depot  
  75  6:12  Marine  
  75  6:15  Orbital Command  
  75  6:16  SCV  
  75  6:17  Marine, SCV  
  75  6:18  Marine  
  80  6:21  Barracks  
  80  6:23  Barracks  
  77  6:26  Marine x2  
  77  6:29  Siege Tank, SCV x2  
  77  6:30  Marine  
  83  6:35  Marine x2  
  85  6:41  Armory, SCV x2  
  85  6:42  SCV  
  85  6:46  Marine x2  
  90  6:48  Marine  
  90  6:49  Medivac x2  
  90  6:53  Marine, SCV x2  
  98  6:54  SCV  
  98  6:55  Combat Shield  
  98  6:59  Supply Depot  
  99  7:01  Marine  
  99  7:03  Siege Tank  
  99  7:04  Marine  
  99  7:05  SCV  
  105  7:13  Bunker, SCV x2  
  107  7:18  Barracks Reactor  
  107  7:19  Supply Depot, Barracks Reactor  
  107  7:20  Supply Depot  
  103  7:25  SCV x3  
  103  7:29  Supply Depot  
  105  7:30  Supply Depot  
  105  7:31  Marine x2  
  105  7:32  Marine x3  
  105  7:36  Refinery  
  105  7:37  SCV, Terran Infantry Weapons Level 2  
  109  7:47  SCV x2  
  109  7:49  Marine x3, SCV  
  115  7:52  Supply Depot  
  115  7:54  Marine x4  
  115  7:55  Supply Depot  
  119  7:58  Missile Turret, Siege Tank  
  119  8:01  Terran Infantry Armor Level 2  
  119  8:04  Marine  
  123  8:06  SCV x2  
  123  8:11  Marine  
  123  8:12  Marine x3  
  128  8:14  Medivac x2  
  128  8:18  Marine x3  
  135  8:21  Refinery  
  135  8:22  Marine  
  135  8:23  Marine  
  137  8:30  Marine  
  137  8:31  Command Center  
  138  8:37  Marine x3  
  138  8:40  Siege Tank  
  144  8:44  Medivac x2  
  144  8:45  Supply Depot  
  148  8:52  Supply Depot, Terran Vehicle Weapons Level 1  
  148  8:54  Supply Depot  
  147  8:58  Factory  
  147  8:59  Marine x2  
  149  9:06  Marine  
  149  9:07  Marine x4  
  153  9:15  Marine x2  
  155  9:17  Marine, Siege Tank  
  155  9:20  Marine  
  155  9:22  Medivac x2  
  164  9:25  Barracks  
  164  9:26  Missile Turret, Barracks  
  164  9:28  Barracks  
  164  9:33  Marauder  
  164  9:34  Marine  
  164  9:35  Marine  
  167  9:39  Supply Depot x2  
  163  9:47  Marine x5  
  163  9:48  Marine  
  163  9:50  Widow Mine  
  163  9:51  Factory Reactor, Drilling Claws  
  163  9:52  Medivac x2  
  171  9:58  Marine x2  
  177  10:02  SCV x3  
  177  10:06  Marine x2  
  182  10:09  Terran Infantry Weapons Level 3  
  182  10:17  Marine  
  182  10:18  Barracks Tech Lab x2  
  180  10:23  Terran Infantry Armor Level 3  
  180  10:28  Barracks Tech Lab  
  180  10:35  Marine x4  
  184  10:39  Missile Turret, SCV x3  
  184  10:42  Missile Turret  
  171  10:43  Widow Mine x3  
  177  10:50  Terran Vehicle And Ship Armor Level 1  
  177  10:51  SCV  
  177  10:53  Marine x3  
  175  10:59  Marine x2  
  175  11:03  SCV  
  175  11:04  Widow Mine, SCV  
  167  11:08  Widow Mine  
  167  11:09  Widow Mine  
  167  11:11  SCV  
  174  11:15  Missile Turret, Sensor Tower  
  174  11:18  Marine  
  174  11:19  Marine  
  174  11:23  Marauder x3, Concussive Shells  
  174  11:24  Marine x3, Marauder  
  186  11:39  SCV x2  
  156  11:40  SCV  
  156  11:44  Marine x5, Marauder  
  159  11:51  Marine x2, SCV  
  158  11:54  Widow Mine x2  
  158  11:58  Planetary Fortress  
  162  12:03  Marine x3  
  162  12:04  Marine  
  162  12:06  Marine x3  
  164  12:10  Marine x3  
  164  12:11  Marine  
  164  12:13  Marine  
  159  12:21  Widow Mine x2, Marine x4  
  157  12:24  Widow Mine, Marine x3  
  157  12:27  SCV x3  
  157  12:28  Marine x4  
  159  12:31  Marine  
  156  12:39  Marine x4  
  156  12:42  Marine x3  
  156  12:43  Widow Mine  
  142  12:46  Marine x3  
  142  12:47  Marine  
  142  12:48  Marine, SCV x2  
  132  12:52  Widow Mine  
  132  12:53  Widow Mine  
  132  12:57  Marine x3  
  129  12:58  Marine  
  129  12:59  Marine  
  129  13:01  SCV x2  
  129  13:04  Missile Turret, Marine x2  
  129  13:05  Widow Mine  
  135  13:14  Widow Mine, Marine x2  
  139  13:20  Widow Mine  
  139  13:21  SCV x3  
  139  13:22  SCV  
  139  13:24  Missile Turret  
  139  13:26  Widow Mine, Marine  
  139  13:27  Missile Turret  
  147  13:30  Missile Turret  
  145  13:38  Marauder  
  145  13:39  Marine, Marauder x2  
  152  13:43  Marine x2  
  152  13:47  Marine x2  
  156  13:51  Marine  
  156  13:52  Marine  
  158  13:59  Marine x2  
  149  14:05  Marine x3  
  149  14:07  Marauder x2  
  149  14:08  Marine x2, Marauder  
  149  14:09  Marine  
  152  14:10  Widow Mine  
  152  14:17  Marine x2  
  152  14:23  Marine x2  
  156  14:30  Marine, Marauder  
  156  14:31  Marauder  
  161  14:33  Command Center  
  161  14:41  Widow Mine x2  
  161  14:42  Widow Mine  
  161  14:43  Medivac x2  
  161  14:45  Marauder x2  
  175  14:50  Marine x2  
  175  14:52  Marauder  
  178  14:58  Marine x2, Marauder  
  181  15:03  Widow Mine x2  
  181  15:04  Marine x4, Unknown x2  
  181  15:06  Marauder x2  
  193  15:08  Liberator x2  
  193  15:14  Unknown  
  190  15:23  Marine x2, Marauder  
  190  15:24  Marine x2  
  190  15:25  Marauder  
  194  15:29  Widow Mine  
  194  15:30  Widow Mine  
  194  15:44  Marine  
  194  15:45  Marine x2, Marauder x2  
  194  15:49  Marine x4  
  189  15:50  Marauder x2, Marine  
  145  16:01  Widow Mine  
  145  16:02  Marine x3  
  143  16:06  Marauder x2  
  143  16:07  Marine  
  143  16:08  Medivac x2  
  153  16:11  SCV x3  
  153  16:12  Marine x2, Marauder  
  153  16:16  Marauder  
  152  16:27  Marine x2  
  152  16:28  Marauder x2  
  152  16:31  Marine x2  
  152  16:32  Marine  
  159  16:37  Widow Mine  
  159  16:38  Marauder  
  163  16:44  Marauder  
  163  16:45  Marine  
  159  16:47  Marine  
  159  16:49  Marauder  
  160  16:57  Marine x2, Marauder  
  160  16:59  Marauder  
  164  17:05  Marauder  
  164  17:07  Marine x2  
  164  17:08  Marine  
  167  17:20  Marine, Marauder x2  
  167  17:22  Widow Mine x2  
  173  17:25  Planetary Fortress, Marine x2, Marauder  
  177  17:32  Marine x2  
  167  17:47  Marauder x2, Marine x2  
  167  17:48  Widow Mine  
  167  17:49  Widow Mine x2  
  171  17:58  Ghost Academy  
Tags
 
Add a new tag
Caveats
  • Supply blocks, unpowered buildings, or Contaminate may cause inaccurate times.
  • Supply counts are checked every 10 seconds.